 Dungeon Crawl Stone Soup version 0.28-a0-1002-gf00fe891ef (webtiles) character file.

Game seed: 14805631696555286726

95 vurker the Gusty (level 4, -8/25 HPs)
             Began as a Tengu Air Elementalist on Dec 6, 2021.
             Killed by nerve-wracking pain
             ... invoked by Grinder
              (11 damage)
             ... on level 3 of the Dungeon.
             The game lasted 00:02:52 (2801 turns).

vurker the Gusty (Tengu Air Elementalist)           Turns: 2801, Time: 00:02:53

Health: -8/25      AC:  2    Str:  8    XL:     4   Next: 66%
Magic:  0/9        EV: 12    Int: 17    God:
Gold:   87         SH:  0    Dex: 15    Spells: 8/9 levels left

rFire   . . .      SeeInvis .   h - +1 short sword
rCold   . . .      Faith    .   (no shield)
rNeg    . . .      Spirit   .   a - +0 robe
rPois   .          Reflect  .   (helmet restricted)
rElec   .          Harm     .   g - scarf {+Inv}
rCorr   .          Rampage  .   (no gloves)
Will    .....                   (boots unavailable)
Stlth   ++........              (no amulet)
HPRegen 0.08/turn               (no ring)
MPRegen 0.11/turn               (no ring)

@: no status effects
A: beak, talons 3
a: Evoke Invisibility


You were on level 3 of the Dungeon.
You visited 1 branch of the dungeon, and saw 3 of its levels.

You collected 87 gold pieces.

Inventory:

Hand Weapons
 h - a +1 short sword (weapon)
   (You took it off Terence on level 2 of the Dungeon)
Armour
 a - a +0 robe (worn)
 g - a scarf of invisibility (worn)
   (You found it on level 2 of the Dungeon)
Scrolls
 b - a scroll of immolation
 e - a scroll of enchant weapon
 i - 2 scrolls of identify
Potions
 c - a potion of cancellation {unknown}
 f - a potion of curing
 j - a potion of magic {unknown}


   Skills:
 + Level 1.4 Fighting
 - Level 2.1 Dodging
 - Level 2.0 Stealth
 * Level 3.0 Spellcasting
 + Level 2.4 Conjurations
 * Level 5.2 Air Magic


You had 8 spell levels left.
You knew the following spells:

 Your Spells              Type           Power      Damage    Failure   Level
a - Shock                 Conj/Air       60%        1d6       3%          1

Your spell library contained the following spells:

 Spells                   Type           Power      Damage    Failure   Level
 Static Discharge         Conj/Air       15%        N/A       5%          2
 Swiftness                Air            20%        N/A       6%          3
 Summon Small Mammal      Summ           8%         N/A       17%         1
 Airstrike                Air            10%        N/A       21%         4
 Call Canine Familiar     Summ           2%         N/A       45%         3
 Summon Guardian Golem    Hex/Summ       2%         N/A       45%         3


Dungeon Overview and Level Annotations

Branches:
Dungeon (3/15)

Altars:
Ashenzari

Annotations:
D:3 Grinder


Innate Abilities, Weirdness & Mutations

You have a beak for a mouth.
You have claws for feet.


Message History

Grinder is nearby!
The zap misses Grinder.
The zap hits Grinder.
The zap hits Grinder but does no damage.
The zap misses Grinder.
Grinder blinks!
Aim: Grinder (lightly wounded, 68% to hit)
The zap hits Grinder.
Grinder hits you.
You writhe in agony.
Aim: Grinder (moderately wounded, 68% to hit)
The zap hits Grinder.
Grinder says, "You look like you could use a good racking."
Grinder gestures at you. You resist with significant effort.
Aim: Grinder (moderately wounded, 68% to hit)
The zap hits Grinder.
Grinder gestures at you.
You suddenly lose the ability to move!
Grinder hits you but does no damage. Grinder gestures at you.
Pain shoots through your body!
* * * LOW HITPOINT WARNING * * *
Grinder gestures at you. Pain shoots through your body!
* * * LOW HITPOINT WARNING * * *
Grinder hits you but does no damage.
You can move again.
Unknown command.
Unknown command.
Unknown command.
Unknown command.
You feel better. Grinder closely misses you.
Aim: Grinder (moderately wounded, 68% to hit)
The zap hits Grinder.
Grinder says, "I used to sell toenails on the black market."
Grinder blinks!
The zap hits Grinder. x2
The zap hits Grinder. x2
The zap hits Grinder.
The zap misses Grinder.
Grinder gestures at you. You resist with significant effort.
The zap misses Grinder. x2; Grinder hits you.
* * * LOW HITPOINT WARNING * * *
You writhe in agony.
* * * LOW HITPOINT WARNING * * *
You aren't carrying any items that you can evoke.
Unknown command.
You hit Grinder but do no damage. You claw Grinder, but do no damage.
You peck Grinder. Grinder closely misses you.
You completely miss Grinder. Grinder gestures at you.
Pain shoots through your body!
You die...

### #.. #.# #.#
#.# #@# #5#
#.################
#......#..........
####....5.........
#..............
#..............
#..............
#..............


You could see Grinder.

Vanquished Creatures
  Terence (D:2)
  3 adders
  2 worms (D:2)
  A dart slug (D:1)
  9 ball pythons
  4 endoplasms
  3 giant cockroaches
  3 hobgoblins
  2 jackals (D:1)
  A quokka (D:2)
  2 bats (D:2)
  A frilled lizard (D:2)
  2 goblins
  3 kobolds
  A rat (D:1)
38 creatures vanquished.

Notes
Turn   | Place    | Note
-------+----------+-------------------------------------------
     0 | D:1      | vurker the Tengu Air Elementalist began the quest for the
                  | Orb.
     0 | D:1      | Reached XP level 1. HP: 10/10 MP: 4/4
   238 | D:1      | Found a faded altar of an unknown god.
   272 | D:1      | Reached XP level 2. HP: 15/15 MP: 3/6
  1236 | D:2      | Reached XP level 3. HP: 20/20 MP: 0/7
  1562 | D:2      | Noticed Terence
  1579 | D:2      | Killed Terence
  1580 | D:2      | Reached skill level 1 in Fighting
  1748 | D:2      | Reached skill level 5 in Air Magic
  1748 | D:2      | Reached XP level 4. HP: 25/25 MP: 3/9
  2621 | D:3      | Found a broken altar of Ashenzari.
  2635 | D:3      | Noticed Grinder
  2789 | D:3      | Paralysed by Grinder for 5 turns
  2801 | D:3      | Killed from afar by Grinder

Illustrated notes

Levels and vault maps discovered:
D:1:      tarquinn_simple_flora_water_f, layout_loops_ring,
          nicolae_ecumenical_snake_handling, nicolae_figureground_pulse
D:2:      layout_rooms, kennysheep_generic_room_11, uniq_terence
D:3:      layout_basic, nicolae_ashenzari_panopticon,
          minmay_large_rounded_square, minmay_misc_feat_cross,
          nrook_loot_triangle, kennysheep_cross_room, uniq_grinder

Skill      XL: |  1  2  3  4 |
---------------+-------------+-----
Conjurations   | 2 |  2.4
Fighting       | 1 |  1.4
Air Magic      | 5 |  5.2
Spellcasting   | 3 |  3.0
Dodging        | |  2.1
Stealth        | |  2.0

Action                   |  1- 3 |  4- 6 || total
-------------------------+-------+-------++-------
Melee: Unarmed           |     4 |       ||     4
       Kick              |     1 |     1 ||     2
       Short sword       |       |     2 ||     2
       Peck              |       |     1 ||     1
 Cast: Shock             |    64 |    44 ||   108
  Use: Scroll            |       |     4 ||     4
       Potion            |       |     1 ||     1
Armor: Robe              |       |     4 ||     4
Dodge: Dodged            |     8 |     6 ||    14

Table legend: (Time is in decaauts)
 A = Elapsed time spent in this place.
 B = Non-inter-level travel time spent in this place.
 C = Inter-level travel time spent in this place.
 D = Time resting spent in this place.
 E = Time spent auto-exploring this place.
 F = Levels seen in this place.
 G = Mean time per level.
                   A        B        C        D        E       F      G
               +--------+--------+--------+--------+--------+-----+--------+
         Total |   2800 |   2741 |     59 |      6 |   2416 |   3 |  933.3 |
       Dungeon |   2800 |   2741 |     59 |      6 |   2416 |   3 |  933.3 |
               +--------+--------+--------+--------+--------+-----+--------+

Top non-repeatable levels by time:
     D:1: 1178 daAuts
     D:2: 989 daAuts
     D:3: 632 daAuts
